 Dungeon Crawl Stone Soup version 0.21.1-1-g345015f (webtiles) character file.

693 aMcNicky the Skirmisher (level 7, 0/117 HPs)
             Began as an Ogre Berserker on Mar 12, 2018.
             Was a Priest of Trog.
             Slain by aMcNicky's ghost (20 damage)
             ... on level 5 of the Dungeon.
             The game lasted 00:12:26 (5854 turns).

aMcNicky the Skirmisher (Ogre Berserker)            Turns: 5854, Time: 00:12:26

Health: 0/117      AC:  3    Str: 29    XL:     7   Next: 64%
Magic:  7/7        EV: 10    Int:  8    God:    Trog [***...]
Gold:   302        SH:  0    Dex:  8    Spells: 6/6 levels left

rFire    . . .     SeeInvis .   w - +0 giant spiked club
rCold    . . .     Gourm    .   (shield currently unavailable)
rNeg     . . .     Faith    .   b - +0 animal skin
rPois    .         Spirit   .   (helmet restricted)
rElec    .         Reflect  .   (no cloak)
rCorr    .         Harm     .   (gloves unavailable)
MR       .....                  (boots unavailable)
Stlth    ..........             (no amulet)
HPRegen  0.29/turn              (no ring)
MPRegen  0.10/turn              (no ring)

@: berserking, very quick
A: large, unfitting armour, tough skin 1
a: Berserk, Trog's Hand, Burn Spellbooks, Renounce Religion


You were on level 5 of the Dungeon.
You worshipped Trog.
Trog was most pleased with you.
You were not hungry.

You visited 1 branch of the dungeon, and saw 5 of its levels.

You collected 302 gold pieces.

Inventory:

Hand Weapons
 a - a +0 mace
 c - a +0 giant club
 n - a +0 flail
 w - a +0 giant spiked club (weapon)
Armour
 b - a +0 animal skin (worn)
Jewellery
 j - an uncursed ring of ice
Wands
 u - a wand of iceblast (17)
 y - a wand of random effects (22)
 C - a wand of acid (9)
Scrolls
 e - 2 scrolls of random uselessness {unknown}
 f - a scroll of fog {unknown}
 g - 7 scrolls of identify {@r1}
 h - 2 scrolls of teleportation {unknown}
 l - a scroll of immolation {unknown}
 m - a scroll of amnesia {unknown}
 o - 2 scrolls of remove curse {unknown}
 q - a scroll of enchant armour {unknown}
 B - a scroll of fear {unknown}
Potions
 d - 3 potions of heal wounds
 i - 3 potions of might {unknown}
 k - 2 potions of agility
 p - 2 potions of lignification {unknown}
 r - a potion of mutation {unknown}
 s - a potion of haste {unknown}
 t - a potion of curing {unknown}
 v - a potion of experience {unknown}
 x - a potion of ambrosia {unknown}
 z - a potion of flight {unknown}
Comestibles
 A - 3 rations


   Skills:
 + Level 7.3 Fighting
 * Level 6.2 Maces & Flails
 - Level 3.4 Dodging


You had 6 spell levels left.
You didn't know any spells.

Dungeon Overview and Level Annotations

Branches:
Dungeon (5/15)             Temple (0/1) D:4

Altars:
Gozag
Ru

Annotations:
D:5 aMcNicky's ghost, novice OgBe


Innate Abilities, Weirdness & Mutations

You are too large for most types of armour.
You have tough skin. (AC +1)


Message History

AMcNicky's ghost barely misses you.
You completely miss aMcNicky's ghost. AMcNicky's ghost hits you!
You closely miss aMcNicky's ghost. AMcNicky's ghost hits you! x2
A red film seems to cover your vision as you go berserk!
You feel yourself moving faster!
You feel mighty!
You feel a lot more hungry.
AMcNicky's ghost says, "My insurmountable tactics guarantee your defeat."
AMcNicky's ghost hits you!
You feel a strong urge to attack something.
You bludgeon aMcNicky's ghost!!
AMcNicky's ghost is moderately damaged.
AMcNicky's ghost hits you!
* * * LOW HITPOINT WARNING * * *
You impale aMcNicky's ghost!!
AMcNicky's ghost is heavily damaged.
AMcNicky's ghost hits you!
* * * LOW HITPOINT WARNING * * *
You bludgeon aMcNicky's ghost!!
AMcNicky's ghost is severely damaged.
AMcNicky's ghost hits you!!
You die...

... #.# #.#
#.# ##'##
##...##
##.....##
##.....W.##
#......@..#
+.........+
#.........####
##......#.....
##.....#.....
##...####...#
##+..#......
#...#...#..
#...###+#


You could see aMcNicky's ghost.

Vanquished Creatures
  2 ogres (D:4)
  A gnoll shaman (D:4)
  A hound (D:4)
  An orc wizard (D:4)
  Ijyb (D:4)
  An iguana (D:4)
  5 worker ants (D:4)
  A hound skeleton (D:4)
  11 gnolls
  4 adders
  An ooze (D:1)
  5 worms
  2 dart slugs
  A leopard gecko (D:2)
  12 orcs
  6 bats
  7 giant cockroaches
  13 hobgoblins
  2 jackals (D:2)
  9 kobolds
  A ball python (D:2)
  A frilled lizard (D:2)
  8 goblins
  2 leopard gecko skeletons (D:4)
  3 rats (D:2)
101 creatures vanquished.

Notes
Turn   | Place    | Note
-------+----------+-------------------------------------------
     0 | D:1      | aMcNicky the Ogre Berserker began the quest for the Orb.
     0 | D:1      | Reached XP level 1. HP: 24/24 MP: 1/1
    80 | D:1      | Reached XP level 2. HP: 32/32 MP: 2/2
   624 | D:1      | Reached XP level 3. HP: 40/40 MP: 3/3
  1080 | D:2      | Found an opulent altar of Gozag.
  1494 | D:2      | Reached ** piety under Trog
  1722 | D:2      | Reached XP level 4. HP: 42/49 MP: 4/4
  1725 | D:2      | Reached skill level 5 in Fighting
  2378 | D:2      | Reached XP level 5. HP: 57/57 MP: 5/5
  4037 | D:4      | Reached skill level 6 in Fighting
  4037 | D:4      | Reached XP level 6. HP: 52/67 MP: 6/6
  4345 | D:4      | Reached skill level 5 in Maces & Flails
  4402 | D:4      | Noticed Ijyb
  4414 | D:4      | Killed Ijyb
  4460 | D:4      | Reached XP level 7. HP: 76/76 MP: 7/7
  4540 | D:4      | Reached skill level 7 in Fighting
  4541 | D:4      | Reached *** piety under Trog
  5516 | D:4      | Found a staircase to the Ecumenical Temple.
  5802 | D:5      | Entered Level 5 of the Dungeon
  5818 | D:5      | Found a sacrificial altar of Ru.
  5835 | D:5      | Noticed aMcNicky's ghost (novice OgBe)
  5854 | D:5      | Slain by aMcNicky's ghost

Skill      XL: |  1  2  3  4  5  6  7 |
---------------+----------------------+-----
Maces & Flails | 3 4 5 6 |  6.2
Dodging        | 3 |  3.4
Fighting       | 5 6 7 |  7.3

Action                   |  1- 3 |  4- 6 |  7- 9 || total
-------------------------+-------+-------+-------++-------
Melee: Mace              |   116 |     7 |       ||   123
       Flail             |       |   164 |       ||   164
       Giant club        |       |    17 |     2 ||    19
       Giant spiked club |       |       |    54 ||    54
Invok: Berserk           |     2 |     3 |     2 ||     7
       Trog's Hand       |       |     1 |       ||     1
  Use: Scroll            |       |     2 |       ||     2
 Stab: Sleeping          |       |     1 |       ||     1
  Eat: Chunk             |     1 |     6 |     3 ||    10
       Ration            |     1 |     2 |     1 ||     4
Armor: Animal skin       |    33 |    42 |     4 ||    79
Dodge: Dodged            |    63 |    95 |    30 ||   188
